 Dungeon Crawl Stone Soup version 0.28.0-47-ge53b351184 (webtiles) character file.

Game seed: 3107363394612605445

51 seaoflcl the Covered (level 4, -2/35 HPs)
             Began as a Human Fighter on May 2, 2022.
             Slain by a killer bee (4 damage)
             ... on level 4 of the Dungeon.
             The game lasted 00:01:07 (947 turns).

seaoflcl the Covered (Human Fighter)                 Turns: 947, Time: 00:01:07

Health: -2/35      AC:  6    Str: 18    XL:     4   Next: 5%
Magic:  4/4        EV:  9    Int:  9    God:
Gold:   27         SH:  4    Dex: 12    Spells: 3/3 levels left

rFire   . . .      SeeInvis .   a - +0 long sword
rCold   . . .      Faith    .   c - +0 buckler
rNeg    . . .      Spirit   .   b - +0 scale mail
rPois   .          Reflect  .   (no helmet)
rElec   .          Harm     .   (no cloak)
rCorr   .          Rampage  .   (no gloves)
Will    .....                   (no boots)
Stlth   ..........              (no amulet)
HPRegen 0.11/turn               f - +4 ring of slaying
MPRegen 0.09/turn               (no ring)

@: lethally poisoned (-2 -> -10)
A: no striking features
a: no special abilities


You were on level 4 of the Dungeon.
You visited 1 branch of the dungeon, and saw 3 of its levels.

You collected 27 gold pieces.

Inventory:

Hand Weapons
 a - a +0 long sword (weapon)
Armour
 b - a +0 scale mail (worn)
 c - a +0 buckler (worn)
Jewellery
 f - a +4 ring of slaying (left hand)
Scrolls
 g - a scroll of magic mapping {unknown}
 h - 2 scrolls of identify {unknown}
 i - a scroll of teleportation {unknown}
Potions
 d - 2 potions of might
 e - a potion of lignification {unknown}
 j - a potion of haste {unknown}
 k - a potion of curing {unknown}


   Skills:
 + Level 3.2 Fighting
 * Level 2.7 Long Blades
 + Level 3.3 Armour
 + Level 1.1 Dodging
 + Level 3.3 Shields


You had 3 spell levels left.
You didn't know any spells.
Your spell library was empty.

Dungeon Overview and Level Annotations

Branches:
Dungeon (2/15)

Altars:

Shops:
D:1 *


Message History

Deactivating autopickup; reactivate with Ctrl-A.
The orc wizard closely misses you.
An adder comes into view.
The orc priest begins to cast a cantrip, but forgets the words!
The adder moves out of view.
A hound skeleton comes into view. 2 killer bees come into view.
Found an encrusted gold wand.
The killer bee buzzes angrily. x2; You hear a shout!
You hear an angry buzzing noise.
A killer bee comes into view.
The orc closely misses you.
A hobgoblin comes into view.
The adder barely misses you.
A killer bee comes into view.
The killer bee buzzes angrily.
The adder completely misses you. The killer bee stings you.
You are poisoned.
The killer bee poisons you!
The hound skeleton bites you but does no damage.
A killer bee comes into view.
You feel very sick.
The killer bee buzzes angrily. x2
The killer bee barely misses you. The adder bites you but does no damage.
The killer bee moves out of view.
You feel sick. The killer bee stings you.
You are lethally poisoned!
The killer bee poisons you! You block the killer bee's attack.
* * * LOW HITPOINT WARNING * * *
You feel very sick.
Unknown command.
* * * LOW HITPOINT WARNING * * *
You feel very sick. The adder barely misses you.
The killer bee barely misses you. The killer bee closely misses you.
The adder bites you but does no damage.
* * * LOW HITPOINT WARNING * * *
You feel sick.
The killer bee stings you but does no damage.
The killer bee stings you.
You die...

#... #'## ###
##...##..###.####
.......g...o....#
.......Z........#
.../...y..##o..##
#....##S.o##..†##
#... #yS.##..o.#
#....##yy.##.o..#
#......@y.##...##
..........##...#
...........+...o
#....##...##.:..#
##### ###+##....#
.....# ......#
.##.[..#


You could see 5 killer bees, an orc wizard, 2 adders, an orc, a hobgoblin and a
hound skeleton.

Vanquished Creatures
  An iguana (D:4)
  A dart slug (D:1)
  7 endoplasms
  2 giant cockroaches (D:1)
  2 hobgoblins (D:1)
  A kobold (D:2)
  A quokka (D:2)
  2 ball pythons (D:1)
  A bat (D:1)
  2 frilled lizards
  2 rats (D:1)
22 creatures vanquished.

Notes
Turn   | Place    | Note
-------+----------+-------------------------------------------
     0 | D:1      | seaoflcl the Human Fighter began the quest for the Orb.
     0 | D:1      | Reached XP level 1. HP: 18/18 MP: 1/1
   100 | D:1      | Reached XP level 2. HP: 24/24 MP: 2/2
   227 | D:1      | Found Maup's General Store.
   598 | D:1      | Reached XP level 3. HP: 28/29 MP: 3/3
   928 | D:2      | You fall into a shaft and drop 2 floors!
   933 | D:4      | Reached skill level 1 in Dodging
   933 | D:4      | Reached XP level 4. HP: 18/35 MP: 4/4
   947 | D:4      | Slain by a killer bee

Illustrated notes

Levels and vault maps discovered:
D:1:      dpeg_arrival_pond, layout_loops_cross, serial_shops, shop,
          minmay_surrounded
D:2:      layout_loops_ring, hellmonk_ecumenical_altar_leap_of_faith,
          minmay_diced_spiral
D:4:      layout_gridville

Skill      XL: |  1  2  3 |
---------------+----------+-----
Dodging        | 1 |  1.1
Fighting       | |  3.2
Long Blades    | |  2.7
Armour         | |  3.3
Shields        | |  3.3

Action                   |  1- 3 |  4- 6 || total
-------------------------+-------+-------++-------
Melee: Long sword        |    37 |       ||    37
Armor: Scale mail        |    12 |     5 ||    17
Dodge: Dodged            |    13 |     9 ||    22
Block: Buckler           |     3 |     2 ||     5
